 Dungeon Crawl Stone Soup version 0.28-a0-998-gb9e9c7b67e (webtiles) character file.

Game seed: 9573325765545235159

337 Peloso the Slasher (level 6, 0/56 HPs)
             Began as a Minotaur Fighter on Dec 6, 2021.
             Succumbed to an orc wizard's poison
             ... on level 3 of the Dungeon.
             The game lasted 00:04:06 (2671 turns).

Peloso the Slasher (Minotaur Fighter)               Turns: 2671, Time: 00:04:06

Health: 0/56       AC:  9    Str: 21    XL:     6   Next: 28%
Magic:  5/5        EV:  8    Int:  5    God:
Gold:   107        SH:  5    Dex: 11    Spells: 5/5 levels left

rFire   . . .      SeeInvis .   a - +0 long sword
rCold   . . .      Faith    .   c - +0 buckler
rNeg    . . .      Spirit   .   f - +0 chain mail
rPois   .          Reflect  .   (helmet restricted)
rElec   .          Harm     .   (no cloak)
rCorr   .          Rampage  .   (no gloves)
Will    .....                   (no boots)
Stlth   ..........              (no amulet)
HPRegen 0.18/turn               (no ring)
MPRegen 0.09/turn               (no ring)

@: mighty, lethally poisoned (0 -> -1)
A: horns 2, retaliatory headbutt
a: no special abilities


You were on level 3 of the Dungeon.
You visited 1 branch of the dungeon, and saw 3 of its levels.

You collected 107 gold pieces.

Inventory:

Hand Weapons
 a - a +0 long sword (weapon)
Armour
 b - a +0 scale mail
 c - a +0 buckler (worn)
 f - a +0 chain mail (worn)
Jewellery
 o - a ring of willpower
 r - an amulet of magic regeneration
Scrolls
 e - a scroll of fear {unknown}
 g - a scroll of acquirement {unknown}
 j - a scroll of summoning {unknown}
 k - a scroll of brand weapon {unknown}
 l - a scroll of immolation {unknown}
 m - 3 scrolls of identify {unknown}
 p - a scroll of enchant weapon {unknown}
Potions
 n - a potion of might


   Skills:
 + Level 5.1 Fighting
 + Level 5.2 Long Blades
 + Level 5.1 Armour
 + Level 0.4 Dodging
 + Level 0.6 Stealth
 + Level 4.5 Shields


You had 5 spell levels left.
You didn't know any spells.
Your spell library was empty.

Dungeon Overview and Level Annotations

Branches:
Dungeon (3/15)

Altars:

Annotations:
D:3 1 runed translucent door, Crazy Yiuf


Innate Abilities, Weirdness & Mutations

You have a pair of horns on your head.
You reflexively headbutt those who attack you in melee.


Message History

You slash something!
Reactivating autopickup.
You feel a bit more experienced.
* * * LOW HITPOINT WARNING * * *
You feel extremely sick.
The kobold throws a poisoned dart.
The poisoned dart barely misses you.
Your Long Blades skill increases to level 5!
You feel much better.
You feel very sick.
You slash the kobold!
You kill the kobold!
You feel very sick.
You closely miss the kobold. You headbutt the kobold.
You kill the kobold!
You feel very sick.
You barely miss the orc. You headbutt the orc!
You kill the orc!
You feel sick.
You closely miss the orc priest.
You feel very sick. The orc priest completely misses you.
You closely miss the orc priest. Your headbutt misses the orc priest.
You feel sick.
The orc priest hits you with a +0 hand axe.
* * * LOW HITPOINT WARNING * * *
You slash the orc priest!
The orc priest is heavily wounded.
You feel sick. The orc priest closely misses you.
The orc priest miscasts a cantrip.
You hit the orc priest.
The orc priest is almost dead.
You feel sick.
The orc priest hits you with a +0 hand axe.
* * * LOW HITPOINT WARNING * * *
You slash the orc priest!
You kill the orc priest!
* * * LOW HITPOINT WARNING * * *
You feel sick.
Your Fighting skill increases to level 5!
You die...

##### ....# ....#
#########
....###.......#
........##..###
....######.##
...........############.
.....>..........@.......
....#.##.....#####.....#
....#..#.....##. #####
....#..........
.##..........## ###
.............# #)..#♣♣
#..##..#.....# #...+.♣♣
...>...#.....###
#...#♣..
..###..........# ### ♣♣♣


There were no monsters in sight!

Vanquished Creatures
  Sigmund (D:2)
  An orc priest (D:3)
  An orc wizard (D:3)
  A gnoll (D:1)
  3 adders
  A worm (D:3)
  4 orcs (D:3)
  5 endoplasms
  4 giant cockroaches
  10 hobgoblins
  4 jackals (D:1)
  7 kobolds
  3 quokkas
  4 ball pythons
  12 bats
  4 frilled lizards
  6 goblins
  7 rats
78 creatures vanquished.

Vanquished Creatures (others)
  2 fungi (D:3)
  26 plants (D:3)
28 creatures vanquished.

Grand Total: 106 creatures vanquished

Notes
Turn   | Place    | Note
-------+----------+-------------------------------------------
     0 | D:1      | Peloso the Minotaur Fighter began the quest for the Orb.
     0 | D:1      | Reached XP level 1. HP: 19/19 MP: 0/0
    26 | D:1      | Reached XP level 2. HP: 16/27 MP: 1/1
   681 | D:1      | Reached XP level 3. HP: 33/33 MP: 2/2
  1443 | D:2      | Noticed Sigmund
  1453 | D:2      | Killed Sigmund
  1454 | D:2      | Reached skill level 5 in Armour
  1454 | D:2      | Reached XP level 4. HP: 18/41 MP: 3/3
  1454 | D:2      | Reached XP level 5. HP: 20/47 MP: 4/4
  2410 | D:3      | Reached XP level 6. HP: 50/55 MP: 5/5
  2560 | D:3      | Found a runed translucent door.
  2561 | D:3      | Noticed Crazy Yiuf
  2662 | D:3      | Reached skill level 5 in Long Blades
  2669 | D:3      | HP: 2/55 [orc priest (3)]
  2671 | D:3      | Reached skill level 5 in Fighting
  2671 | D:3      | Succumbed to an orc wizard's poison

Illustrated notes

Levels and vault maps discovered:
D:1:      mainiacjoe_arrival_reflecting_pool, layout_basic
D:2:      layout_basic, uniq_sigmund
D:3:      layout_rooms, shapermc_ecumenical_altar_mp_vishouse, kennysheep_boxes,
          uniq_crazy_yiuf_cottage

Skill      XL: |  1  2  3  4  5  6 |
---------------+-------------------+-----
Shields        | 4 |  4.5
Armour         | 4 5 |  5.1
Fighting       | 4 5 |  5.1
Long Blades    | 4 5 |  5.2
Dodging        | |  0.4
Stealth        | |  0.6

Action                   |  1- 3 |  4- 6 || total
-------------------------+-------+-------++-------
Melee: Long sword        |    80 |    90 ||   170
       Headbutt          |     6 |    16 ||    22
  Use: Potion            |     1 |     7 ||     8
Armor: Scale mail        |    18 |       ||    18
       Chain mail        |    20 |    37 ||    57
Dodge: Dodged            |    22 |    29 ||    51
Block: Buckler           |    18 |    23 ||    41

Table legend: (Time is in decaauts)
 A = Elapsed time spent in this place.
 B = Non-inter-level travel time spent in this place.
 C = Inter-level travel time spent in this place.
 D = Time resting spent in this place.
 E = Time spent auto-exploring this place.
 F = Levels seen in this place.
 G = Mean time per level.
                   A        B        C        D        E       F      G
               +--------+--------+--------+--------+--------+-----+--------+
         Total |   2706 |   2647 |     59 |      0 |   2122 |   3 |  902.0 |
       Dungeon |   2706 |   2647 |     59 |      0 |   2122 |   3 |  902.0 |
               +--------+--------+--------+--------+--------+-----+--------+

Top non-repeatable levels by time:
     D:1: 1455 daAuts
     D:2: 723 daAuts
     D:3: 527 daAuts
